Cogmind - Beta 10.2 @@@ ROGUE MODE // 2021.11.17 @ 21:04:25 Player: ptdel Result: Destroyed by G-47 Trooper with Particle Gun Performance ------------- Evolutions (2) 1000 Regions Visited (3) 600 Robots Destroyed (60) 300 Value Destroyed (1830) 1830 Prototype IDs (4) 80 Alien Tech Used (0) 0 Bonus (0) 0 TOTAL SCORE: 3810 Bonus ------- None Cogmind --------- Core Integrity 0/550 Matter 209/300 Energy 200/200 System Corruption 3% Temperature Cool (9) Movement Flying (840) Ox10 Location -8/Materials Parts ------- > --- POWER (2) -------- Light Deuterium Engine Light Nuclear Core > --- PROPULSION (2) --- Flight Unit > --- UTILITY (5) ------ Large Storage Unit Large Storage Unit > --- WEAPON (2) ------- (None) > --- INVENTORY (16) --- Light Angular Momentum Engine Cooling System Advanced Terrain Scanner Seismic Analyzer Improved Datajack Peak State ------------ > --- POWER ------------ Heavy Ion Engine Heavy Ion Engine > --- PROPULSION ------- Light Treads Advanced Treads > --- UTILITY ---------- Heat Sink Heat Sink Large Storage Unit Large Storage Unit Medium Armor Plating > --- WEAPON ----------- Improved EM Shotgun Improved EM Shotgun > --- INVENTORY -------- Light Deuterium Engine Light Deuterium Engine Light Deuterium Engine Light Nuclear Core Improved Treads Flight Unit Flight Unit Flight Unit Cooling System Advanced Terrain Scanner Seismic Analyzer Medium Armor Plating Improved Medium Laser Improved Medium Laser Mini Grenade Launcher Improved Datajack [Rating: 25] Favorites ----------- Power Heavy Ion Engine Engine Heavy Ion Engine Power Core Light Nuclear Core Propulsion Light Treads Treads Light Treads Flight Unit Flight Unit Utility Large Storage Unit Device Heat Sink Storage Large Storage Unit Protection Medium Armor Plating Weapon Improved EM Shotgun Energy Gun Improved EM Shotgun Ballistic Gun Assault Rifle Launcher Mini Grenade Launcher Build | -11 -10 -9 -8 ------- Run | Scr Mat Mat Mat Slots Evolved 4 | . . 2 2 Power 1 | . . . 1 Propulsion . | . . . . Utility 3 | . . 2 1 Weapon . | . . . . Parts Attached 53 | 7 4 19 23 Power 11 | 1 . 3 7 Engine 10 | 1 . 3 6 Core 1 | . . . 1 Reactor . | . . . . Propulsion 12 | 2 1 2 7 Treads 9 | 2 1 2 4 Leg . | . . . . Wheel . | . . . . Hover . | . . . . Flight 3 | . . . 3 Utility 9 | 1 2 3 3 Device 2 | . . 2 . Storage 3 | 1 2 . . Processor . | . . . . Hackware . | . . . . Protection 4 | . . 1 3 Artifact . | . . . . Weapon 21 | 3 1 11 6 Energy Gun 17 | 2 1 10 4 Energy Cannon . | . . . . Ballistic Gun 2 | 1 . 1 . Ballistic Cannon . | . . . . Launcher 2 | . . . 2 Special Weapon . | . . . . Impact Weapon . | . . . . Slashing Weapon . | . . . . Piercing Weapon . | . . . . Special Melee Weapon . | . . . . Unidentified Prototypes 3 | . . 3 . Parts Lost 25 | . 1 4 20 Power 6 | . . 1 5 Propulsion 6 | . . 1 5 Utility 6 | . . 1 5 Weapon 7 | . 1 1 5 Highest Loss Streak 6 | . 1 4 6 Average Slot Usage (%) 93 | . 97 99 88 Engine 14 | . 14 11 17 Treads 18 | . 28 21 14 Device 11 | . . 13 14 Storage 20 | . 26 22 18 Protection 6 | . . 8 6 Energy Gun 19 | . 27 21 15 Naked Turns . | . . . . Heaviest Build 63 | 13 40 54 63 Greatest Support 43 | 40 40 40 43 Greatest Overweight (x) 16 | 4 . 2 16 Average Overweight (x) 1 | . . 1 1 Largest Inventory Capacity 16 | 6 16 16 16 Average Capacity 15 | 5 14 16 16 Most Carried 16 | 4 15 16 16 Average Carried 13 | 1 6 15 14 Final Capacity 16 | 6 16 16 16 Final Carried 16 | 2 15 16 5 Class Distribution -------------------- 100% | Mutant Dominant Class ---------------- Mutant | -10/Materials Mutant | -9/Materials Mutant | -8/Materials Resources | -11 -10 -9 -8 ----------- Run | Scr Mat Mat Mat Matter Collected 745 | 270 40 170 265 Remotely . | . . . . Salvage Created 2302 | . 462 634 1206 Parts 121 | . 22 49 50 Haulers Intercepted 5 | . . 2 3 Recyclers Shooed 2 | . . 1 1 Parts Field Recycled . | . . . . Retrieved Matter . | . . . . Parts Self-Destructed . | . . . . Prevented . | . . . . Kills | -11 -10 -9 -8 ------- Run | Scr Mat Mat Mat Combat Hostiles Destroyed 41 | . 8 15 18 Guns 26 | . 7 13 6 AOE 13 | . 1 2 10 Classes Destroyed 10 | . 5 3 2 Worker 4 | . 1 1 2 Builder 1 | . 1 . . Hauler 5 | . . 2 3 Recycler 3 | . . . 3 Operator 1 | . 1 . . Watcher 5 | . 1 2 2 Swarmer 8 | . . 8 . Grunt 24 | . 8 4 12 Sentry 8 | . . 3 5 Hunter 1 | . . . 1 Best Kill Streak 9 | . 3 4 9 Combat Bots Only 7 | . 1 4 7 Max Kills in Single Turn 3 | . 1 2 3 Gunslinging . | . . . . Exploded 3 | . 1 1 3 Melee . | . . . . Uniques/NPCs Destroyed . | . . . . Combat | -11 -10 -9 -8 -------- Run | Scr Mat Mat Mat Damage Taken 3880 | . 312 796 2772 Core 736 | . 51 129 556 Absorbed by Shields . | . . . . Core Remaining (%) 82 | 100 79 67 . Volleys Fired 141 | . 38 38 65 Largest 2 | . 2 2 2 Hottest 112 | . 90 106 112 Shots Fired 271 | . 75 76 120 Gun 251 | . 75 76 100 Cannon . | . . . . Launcher 20 | . . . 20 Special . | . . . . Kinetic . | . . . . Thermal 104 | . 40 38 26 Explosive 20 | . . . 20 Electromagnetic 147 | . 35 38 74 Robot Hit Streak 22 | . 11 13 22 Robot Miss Streak 3 | . 2 3 3 Penetration Max . | . . . . Secondary Targets 1 | . . . 1 Max Gunslinging Chain 1 | . . . 1 Shots Hit Robots 192 | . 54 45 93 Core Hits 124 | . 23 29 72 Critical Hits 3 | . . 1 2 Critical Kills 1 | . . . 1 Critical Parts Destroyed 2 | . . 1 1 Melee Attacks . | . . . . Impact . | . . . . Slashing . | . . . . Piercing . | . . . . Sneak Attacks . | . . . . Combat Hostiles . | . . . . Follow-up Attacks . | . . . . Damage Inflicted 5360 | . 775 1235 3350 Guns 2736 | . 679 686 1371 Cannons . | . . . . Explosions 2623 | . 96 549 1978 Melee . | . . . . Ramming 1 | . . . 1 Kinetic . | . . . . Thermal 1846 | . 391 823 632 Explosive 1671 | . . . 1671 Electromagnetic 1842 | . 384 412 1046 Impact . | . . . . Slashing . | . . . . Piercing . | . . . . Highest Corruption 3 | . . . 3 Average Corruption 1 | . . . 1 Corruption Purged . | . . . . Effects 5 | . . . 5 Message Errors 1 | . . . 1 Energy Discharges 1 | . . . 1 Data Loss (minor) 2 | . . . 2 Targeting Errors 1 | . . . 1 Overload Shots . | . . . . Overflow Damage 372 | . 13 227 132 Projectiles . | . . . . Explosions 372 | . 13 227 132 Melee . | . . . . Knockbacks . | . . . . Impact . | . . . . Kinetic . | . . . . Secondary . | . . . . Self-Inflicted Damage 643 | . . 219 424 Shots 16 | . . 4 12 Rammed 3 | . . . 3 Targets Rammed 3 | . . . 3 Kicked . | . . . . Crushed . | . . . . Highest Temperature 100 | . 100 90 87 Average Temperature 30 | . 34 34 21 Received Heat Transfer 1452 | . 168 168 1116 Siege Activations . | . . . . Robots Corrupted 2 | . . . 2 Combat Hostiles 2 | . . . 2 Parts Fried 10 | . 1 1 8 Impact Corruptions . | . . . . Robots Melted . | . . . . Combat Hostiles . | . . . . Parts Melted 9 | . 1 8 . Heat Transferred 3055 | . 799 1203 1053 Parts Sabotaged . | . . . . Parts Stolen . | . . . . Parts Stripped . | . . . . Power Chain Reactions 10 | . 2 2 6 Missiles Intercepted . | . . . . Alert | -11 -10 -9 -8 ------- Run | Scr Mat Mat Mat Peak Influence 413 | . 220 413 393 Initial 133 | . . 68 133 Average 140 | . 89 161 149 Maximum Alert Level 2 | . 1 2 1 Low Security (%) 73 | 100 97 62 71 Level 1 25 | . 2 35 28 Level 2 . | . . 2 . Level 3 . | . . . . Level 4 . | . . . . Level 5 . | . . . . High Security . | . . . . Max Security . | . . . . Squads Dispatched 7 | . 2 1 4 Investigation 2 | . . 1 1 Extermination . | . . . . Reinforcement 5 | . 2 . 3 Assault . | . . . . Garrison . | . . . . Intercept . | . . . . Construction Impeded 2 | . . . 2 Haulers Reinforced . | . . . . Stealth | -11 -10 -9 -8 --------- Run | Scr Mat Mat Mat Distress Signals 5 | . 2 3 . Communications Jammed . | . . . . Distress Signals . | . . . . Times Spotted 94 | . 21 27 46 Peak Tracking Total 8 | . 2 6 8 Tactical Retreats 5 | . 3 . 2 Traps | -11 -10 -9 -8 ------- Run | Scr Mat Mat Mat Traps Triggered 2 | . 1 1 . Indirectly . | . . . . Trap Hack Attempts . | . . . . Triggered . | . . . . Disarmed . | . . . . Reprogrammed . | . . . . Reused . | . . . . Traps Extracted . | . . . . Installed . | . . . . Triggered . | . . . . Machines | -11 -10 -9 -8 ---------- Run | Scr Mat Mat Mat Machines Disabled 18 | . 1 12 5 Max in Single Turn 11 | . 1 11 1 Machines Sabotaged . | . . . . Garrisons Compromised . | . . . . Overloaded Fab Kills . | . . . . Fab Network Shutdowns . | . . . . Hacking | -11 -10 -9 -8 --------- Run | Scr Mat Mat Mat Machines Accessed 14 | . . 4 10 Terminals 9 | . . 2 7 Fabricators . | . . . . Repair Stations 3 | . . 2 1 Recycling Units . | . . . . Scanalyzers 2 | . . . 2 Garrison Access . | . . . . Total Hacks 54 | . . 11 43 Successful 39 | . . 9 30 Failed 15 | . . 2 13 Catastrophic 1 | . . . 1 Database Lockouts . | . . . . Manual 2 | . . 2 . Terminals 25 | . . 5 20 Fabricators . | . . . . Repair Stations 9 | . . 6 3 Recycling Units . | . . . . Scanalyzers 20 | . . . 20 Garrison Access . | . . . . Terminal Hacks 12 | . . 3 9 Prototype ID Bank 1 | . . . 1 Emergency Access Points 3 | . . 1 2 Alert Level 1 | . . . 1 Unreport Threat 1 | . . . 1 Locate Traps 1 | . . 1 . Reinforcement Status 1 | . . . 1 Recall Reinforcements 1 | . . . 1 Hauler Manifests 1 | . . . 1 Zone Layout 2 | . . 1 1 Fabricator Hacks . | . . . . Repair Station Hacks 8 | . . 6 2 Scan Component 4 | . . 3 1 Repair 4 | . . 3 1 Recycling Unit Hacks . | . . . . Scanalyzer 19 | . . . 19 Insert Component 9 | . . . 9 Analyze 10 | . . . 10 Garrison Access Hacks . | . . . . Unauthorized Hacks . | . . . . Terminals . | . . . . Fabricators . | . . . . Repair Stations . | . . . . Recycling Units . | . . . . Scanalyzers . | . . . . Garrison Access . | . . . . Data Cores Recovered . | . . . . Used . | . . . . Hacking Detections 10 | . . 3 7 Full Trace Events 2 | . . 1 1 Feedback Events 1 | . . . 1 Corruption 1 | . . . 1 Feedback Blocked . | . . . . Robot Schematics Acquired . | . . . . Robots Built . | . . . . Matter . | . . . . Time . | . . . . Total Robot Build Rating . | . . . . Part Schematics Acquired 8 | . . . 8 Parts Built . | . . . . Matter . | . . . . Time . | . . . . Total Part Build Rating . | . . . . Parts Repaired 4 | . . 3 1 Time 179 | . . 128 51 Parts Recycled . | . . . . Recycled Matter . | . . . . Retrieved Matter . | . . . . Retrieved Components . | . . . . Parts Scanalyzed 9 | . . . 9 Part Schematics Acquired 8 | . . . 8 Parts Damaged . | . . . . Bothacking | -11 -10 -9 -8 ------------ Run | Scr Mat Mat Mat Used RIF Installer . | . . . . Robots Hacked . | . . . . Non-combat . | . . . . Combat . | . . . . Robot Hacks Applied . | . . . . Relay Couplers Released . | . . . . Robots Rewired . | . . . . Allies Hacked . | . . . . Hacks Repelled . | . . . . Allies | -11 -10 -9 -8 -------- Run | Scr Mat Mat Mat Total Allies . | . . . . Largest Group . | . . . . Highest-Rated Group . | . . . . Highest-Rated Ally . | . . . . Total Orders . | . . . . Ally Attacks . | . . . . Total Damage . | . . . . Kills . | . . . . Allies Corrupted . | . . . . Allies Melted . | . . . . Intel | -11 -10 -9 -8 ------- Run | Scr Mat Mat Mat Robot Analysis Total . | . . . . Derelict Logs Recovered . | . . . . Drone Launches . | . . . . Drone Recoveries . | . . . . Exploration | -11 -10 -9 -8 ------------- Run | Scr Mat Mat Mat Turns Passed 4014 | 79 658 1230 2047 Spaces Moved 1631 | 40 304 483 804 Core 55 | 14 . . 41 Treads 1567 | 26 304 483 754 Legs . | . . . . Wheels . | . . . . Hover . | . . . . Flight 9 | . . . 9 Fastest Speed 50 | 50 160 180 172 Average Speed 190 | 161 160 180 209 Slowest Speed 850 | 250 160 200 850 Overloaded Moves . | . . . . Propulsion Burnouts . | . . . . Robots Hopped . | . . . . Cave-ins Triggered . | . . . . Exploration Rate (%) 36 | 4 41 46 54 Regions Visited 3 Branch Regions . Pre-discovered Areas . | . . . . Known Exits Taken . | . . . . Unknown Exits Taken 3 | 1 1 1 . Scrap Searched . | . . . . Spaces Dug . | . . . . Terrain Destroyed 233 | . 6 66 161 Melee . | . . . . Projectile . | . . . . AOE 233 | . 6 66 161 Terrain Rammed . | . . . . Walls Destroyed . | . . . . Machines Disabled . | . . . . Actions | -11 -10 -9 -8 --------- Run | Scr Mat Mat Mat Total 2248 | 54 401 769 1024 Wait 345 | . 38 200 107 Move 1628 | 39 303 482 804 Hop . | . . . . Pick Up 59 | 8 17 20 14 Fast Attach . | . . . . Attach 35 | 6 3 9 17 Detach . | . . . . Swap 18 | 1 1 10 6 Drop 19 | . 1 10 8 Fire 141 | . 38 38 65 Melee . | . . . . Ram 3 | . . . 3 Kick . | . . . . Crush . | . . . . Escape Stasis . | . . . . Rewire . | . . . . Trap . | . . . . Miscellaneous . | . . . . Route ------- -11/Scrapyard -10/Materials -9/Materials -8/Materials (discovered 1 exit: [*Fac]) History --------- Turn | Location | Event 23 | -11/Scrapyard | Discovered new exit (range 15) 80 | -11/Scrapyard | Entered Materials 309 | -10/Materials | Build established: Mutant 526 | -10/Materials | Discovered new exit (range 9) 738 | -10/Materials | Entered another Materials area 738 | -9/Materials | Evolved 2 slots: Utility x2 1156 | -9/Materials | Repaired Imp. Medium Laser 1185 | -9/Materials | Repaired Lgt. Treads 1733 | -9/Materials | Lost 4 parts (1p1n1u1w) 1860 | -9/Materials | Repaired Imp. EM Shotgun 1939 | -9/Materials | Discovered new exit (range 16) 1968 | -9/Materials | Entered another Materials area 1968 | -8/Materials | Evolved 2 slots: Power x1, Utility x1 2751 | -8/Materials | Discovered new exit (range 10) 2932 | -8/Materials | Repaired Imp. EM Shotgun 3587 | -8/Materials | Lost 6 parts (1p1n2u2w) 3587 | -8/Materials | Core integrity fell below 50% 3588 | -8/Materials | Destroyed 7 combat bots 3652 | -8/Materials | Lost 6 parts (2p1n2u1w) 3963 | -8/Materials | Core integrity fell below 20% 3997 | -8/Materials | Lost 6 parts (2p2n2w) 4015 | -8/Materials | Destroyed by G-47 Trooper with Particle Gun Last Messages --------------- 03869_ U-05 Engineer lays Concrete. 03872_ K-01 Serf collects debris. 03873_ U-05 Engineer lays Concrete. 03878_ K-01 Serf collects debris. 03880_ R-06 Scavenger collects Imp. Signal Interpreter. 03882_ K-01 Serf collects debris. 03914_ Imp. Medium Laser destroyed. 03916_ Lgt. Deuterium Engine destroyed. 03923_ G-47 Trooper destroyed. 03926_ U-05 Engineer lays Concrete. 03928_ Mni. Grenade Launcher destroyed. 03935_ U-05 Engineer lays Concrete. 03953_ Flight Unit destroyed. 03955_ Lgt. Deuterium Engine destroyed. 03966_ Flight Unit destroyed. 03981_ U-05 Engineer lays Concrete. 03999_ Slammed into G-47 Trooper. 03999_ Destabilizing: System corrupted (+2). 04005_ K-01 Serf cleans the Integration Channel. 04007_ Slammed into G-47 Trooper. Map ----- +----------------------------------------------------+ | #### #??????????????????# """" #???????? | | ### """ #??????????????????# """" #???????? | | + """ "" #??????????????????# #???????? | | ### """ """ #??????????????????#"S #???????? | | #?# """ """ #??????????????????#""" #???????? | | #?# """ """ #??????????????????# "" #???????# | | ### #??????????????????# !*[ #???????# | | ""#####+#####??????????????????#####+############ | | ""#?# ############???????????# [%! | | T"#?# # """"" #???????????# | | ""#?# % # """"" #???????????# | | ""#?# + """"" #???????????# #######+##### | | ###?# # #???????????# #??# ] # | | # # # ############# #??# # | | # # ############ #??# # | | #??# """ / | | #??# """"" # | | ! u #??# """"" # | | * ##??# """"" # | | #???# """ # | | """"" k """"" #???# # | | """"""""k """"""""" #???####+##### | | " "" """ """ """ """ #????????????# | | u #????###+##### | | g ###### * | | @ / = | | #T############+##### # * | | ####### ###???????# # # =* | | # #?????????# # + | | """ # #?????????# # ##### ##### | | """ + ########### % # #???# #???# ""T"" | | """ # # ## # #???# #???# """"" | | # # ## # #???# #???######### | | # # ## # #####+##### ###### | | ####### # == ## + + # | | # + ## # ## # | | """ # # ########### ## # | | """ %+ # #?????????# ## ]= # | | """ # # #?????????# ## [ + # | | # # #?????????# ## # # | | """ # ##########?????????# ## ] # # | | ! R" # #????????########??# ## # "T" # | | """ # #????????# #??# ## ! # """ # | | % # #????????# #??# ########### # | | /""#### #????????# #??# ######????# # | | "##??# #????????# ! #??# # #????##"T"# + | | # #??# #????????# #??# # #?????#"""# # | | %###??# ########?# #??# # #?????##### # | | #????# # """" ####+######## # #?????????# # | | #????# # """" + + ########### # | +----------------------------------------------------+ Best States ------------- Heat Dissipation 51 Energy Generation 23 Energy Capacity 460 Matter Stores 300 Matter Capacity 300 Sight Range 16 Terrain Scan Density 10 Armor Coverage 225 Evasion (%) 50 Recoil Reduction 2 Item Schematics ----------------- Imp. Datajack | -8/Materials | Scanalyzed Lgt. Deuterium Engine | -8/Materials | Scanalyzed Imp. Medium Laser | -8/Materials | Scanalyzed Lgt. Nuclear Core | -8/Materials | Scanalyzed Flight Unit | -8/Materials | Scanalyzed Cooling System | -8/Materials | Scanalyzed Med. Armor Plating | -8/Materials | Scanalyzed Mni. Grenade Launcher | -8/Materials | Scanalyzed Robot Schematics ------------------ None Fabricated ------------ Nothing Alien Tech Used ----------------- None Achievements -------------- None Challenges ------------ None Game ------ Seed GlidesysChromaticVibroblade Manual? 0 Play Time 00:30:46 Cumulative 72.3 hours Start 2021.11.16 @ 22:20:04 End 2021.11.17 @ 21:04:25 Sessions 3 Manual Loads 0 Difficulty Rogue Special Mode None Game No. 87 Rogue 71 Adventurer 15 Explorer 1 Win Type - Total 0 Types 0/0/0/0/0/0/0/0/0 Lore% 27 Gallery% 44 Achievement% 38 Wizard Run 0 Options --------- ASCII 0 Keyboard 0 Movement Mouse Keybinds 0 Fullscreen 2 Font 18/SmallcapsGlow Map View 76x50 Tactical HUD 1 Map Filters NONE Filters NONE Steam 1 RUN: 4f67aa77-6f63-49ac-9d22-0ad8a93239b9